 Dungeon Crawl Stone Soup version 0.25.1-9-gc5326a611f (webtiles) character file.

Game seed: 2178977171725300543

610 sahdkjhfkaj the Fighter (level 7, -4/69 HPs)
             Began as a Centaur Fighter on Dec 29, 2020.
             Killed by divine providence
             ... invoked by an orc priest
              (15 damage)
             ... on level 4 of the Dungeon.
             The game lasted 00:04:53 (3841 turns).

sahdkjhfkaj the Fighter (Centaur Fighter)           Turns: 3841, Time: 00:04:53

Health: -4/69      AC: 17    Str: 21    XL:     7   Next: 20%
Magic:  7/7        EV:  3    Int: 10    God:
Gold:   179        SH:  8    Dex:  8    Spells: 6/6 levels left

rFire    . . .     SeeInvis .   a - +0 trident
rCold    . . .     Gourm    .   c - +0 kite shield
rNeg     . . .     Faith    .   r - +0 chain mail
rPois    +         Spirit   .   g - +4 helmet "Kijorhamp" {+Fly rPois Int+3}
rElec    .         Reflect  .   t - +1 cloak {Stlth+}
rCorr    .         Harm     .   b - +1 pair of gloves
MR       .....                  (no barding)
Stlth    ..........             l - amulet of the acrobat
HPRegen  0.21/turn              (no ring)
MPRegen  0.10/turn              (no ring)

@: very quick
A: large, hooves 3, deformed body, speed 2, tough skin 3
a: Evoke Flight


You were on level 4 of the Dungeon.
You were not hungry.

You visited 1 branch of the dungeon, and saw 4 of its levels.

You collected 179 gold pieces.

Inventory:

Hand Weapons
 a - a +0 trident (weapon)
Armour
 b - a +1 pair of gloves (worn)
 c - a +0 kite shield (worn)
 g - the +4 helmet "Kijorhamp" (worn) {+Fly rPois Int+3}
   (You took it off Robin on level 2 of the Dungeon)

   It affects your intelligence (+3).
   It protects you from poison.
   It lets you fly.
 r - a +0 chain mail (worn)
 t - a +1 cloak of stealth (worn)
Jewellery
 l - an amulet of the acrobat (around neck)
 u - an uncursed ring of positive energy {unknown}
Scrolls
 e - a scroll of blinking
 f - 2 scrolls of identify
 o - 3 scrolls of teleportation {!r}
 p - 2 scrolls of remove curse
 q - a scroll of fear
 v - a scroll of enchant armour {unknown}
Potions
 d - a potion of might
 i - a potion of mutation
 j - 2 potions of cancellation {unknown}
 k - a potion of flight
 m - 2 potions of haste
 n - 2 potions of brilliance {unknown}
 w - a potion of degeneration {unknown}
Comestibles
 h - 7 rations
 s - 10 chunks of flesh


   Skills:
 + Level 8.4 Fighting
 - Level 1.7 Polearms
 - Level 2.1 Armour
 - Level 2.1 Shields


You had 6 spell levels left.
You didn't know any spells.
Your spell library was empty.

Dungeon Overview and Level Annotations

Branches:
Dungeon (4/15)
 Temple: D:4-7

Altars:
Elyvilon
Xom

Shops:
D:4 %

Annotations:
D:3 Grinder, Natasha


Innate Abilities, Weirdness & Mutations

You have hooves in place of feet.
Armour fits poorly on your strangely shaped body.
You cover ground very quickly.
You have extremely tough skin. (AC +3)


Message History

* * * LOW HITPOINT WARNING * * *
Your shield and chain mail prevent you from hitting the orc priest.
The orc priest is moderately wounded.
The orc hits you with a +0 morningstar.
* * * LOW HITPOINT WARNING * * *
The orc hits you but does no damage.
The orc priest hits you but does no damage.
You block the orc's attack.
You hit the orc priest. You kick the orc priest.
The orc priest is heavily wounded.
The orc hits you but does no damage. You block the orc priest's attack.
The orc completely misses you.
Unknown command.
You closely miss the orc priest.
You kick the orc priest, but do no damage.
The orc priest is heavily wounded.
You block the orc's attack.
The orc priest calls down the wrath of Beogh upon you.
Beogh smites you!
You die...

#.# .# ##'## #.#
##...## #.# ##.....##
##.# ##.......## ##..#
##.........####...##
.'......>..'.......#
...........####..o####
###.......##
#..@....## ##.....##
#).oo....# ###..##
#..#.##..# #### #..#.#
..# #....# .# #.%.##
#...# # #.... . ##...


You could see an orc priest and 2 orcs.

Vanquished Creatures
  An ogre (D:4)
  Blork the orc (D:4)
  A scorpion (D:4)
  Crazy Yiuf (D:2)
  A bullfrog skeleton (D:4)
  A hound (D:4)
  3 orc wizards (D:4)
  2 iguanas (D:4)
  Terence (D:2)
  Natasha (D:3)
  A worker ant (D:4)
  Robin (D:2)
  4 adders
  A worm (D:2)
  A dart slug (D:1)
  2 leopard geckos (D:2)
  5 orcs (D:4)
  A ball python (D:1)
  A giant cockroach (D:1)
  14 goblins
  4 hobgoblins
  3 jackals (D:2)
  5 kobolds
  2 quokkas (D:2)
  3 bats
  2 frilled lizards
  5 rats
  A plant (D:1)
69 creatures vanquished.

Notes
Turn   | Place    | Note
-------+----------+-------------------------------------------
     0 | D:1      | sahdkjhfkaj the Centaur Fighter began the quest for the
                  | Orb.
     0 | D:1      | Reached XP level 1. HP: 19/19 MP: 1/1
   165 | D:1      | Reached XP level 2. HP: 26/26 MP: 2/2
   666 | D:2      | Reached skill level 4 in Fighting
   765 | D:2      | Reached XP level 3. HP: 21/33 MP: 3/3
  1667 | D:2      | Identified the +4 helmet "Kijorhamp" {+Fly rPois Int+3}
  1667 | D:2      | Noticed Robin
  1729 | D:1      | Reached XP level 4. HP: 22/41 MP: 4/4
  2002 | D:2      | Found a runed translucent door.
  2002 | D:2      | Noticed Terence
  2015 | D:2      | Killed Terence
  2015 | D:2      | Reached skill level 5 in Fighting
  2033 | D:2      | Noticed Crazy Yiuf
  2112 | D:2      | Killed Robin
  2727 | D:2      | Killed Crazy Yiuf
  2727 | D:2      | Reached XP level 5. HP: 33/50 MP: 5/5
  2896 | D:3      | Noticed Natasha
  2904 | D:3      | Killed Natasha
  2904 | D:3      | Reached skill level 6 in Fighting
  2989 | D:3      | Noticed Grinder
  2993 | D:3      | Noticed Natasha
  3079 | D:4      | Found Jyzxu's Food Emporium.
  3170 | D:4      | Found a shimmering altar of Xom.
  3220 | D:4      | Found a white marble altar of Elyvilon.
  3347 | D:4      | Reached skill level 7 in Fighting
  3347 | D:4      | Reached XP level 6. HP: 60/60 MP: 6/6
  3601 | D:4      | Noticed Blork the orc
  3613 | D:4      | Killed Blork the orc
  3729 | D:4      | Reached skill level 8 in Fighting
  3729 | D:4      | Reached XP level 7. HP: 66/68 MP: 7/7
  3841 | D:4      | Killed from afar by an orc priest

Illustrated notes

Levels and vault maps discovered:
D:1:      tarquinn_simple_flora_water_e, layout_rooms, serial_bayou_lagoon_a,
          hangedman_decor_growths
D:2:      layout_loops_ring, uniq_robin, uniq_crazy_yiuf_cottage, uniq_terence
D:3:      layout_rooms, minitemple, first_ration, uniq_grinder, uniq_natasha
D:4:      layout_loops_corners, kennysheep_ying_yang,
          nicolae_overflow_crystal_walls, gammafunk_temple_overflow_statue,
          serial_shops, nicolae_shop_waterfront, minmay_rat_hole,
          uniq_blork_the_orc

Skill      XL: |  1  2  3  4  5  6 |
---------------+-------------------+-----
Fighting       | 4 5 7 8 |  8.4
Polearms       | |  1.7
Armour         | |  2.1
Shields        | |  2.1

Action                   |  1- 3 |  4- 6 |  7- 9 || total
-------------------------+-------+-------+-------++-------
Melee: Trident           |   162 |   120 |    39 ||   321
       Kick              |    22 |    27 |    13 ||    62
  Use: Scroll            |     7 |     1 |       ||     8
  Eat: Chunk             |     2 |     5 |     1 ||     8
Armor: Scale mail        |    62 |    16 |       ||    78
       Chain mail        |       |    50 |    40 ||    90
Dodge: Dodged            |    31 |    22 |    10 ||    63
Block: Kite shield       |    63 |    55 |    24 ||   142
